[Event "Catalan Youth Championship 2024"]
[Site "Cambrils"]
[Date "2024.03.27"]
[Round "8.7"]
[White "Bru Montoya, Pau"]
[Black "Monclus Janssens, Jack"]
[Result "1-0"]
[ECO "B13"]
[WhiteElo "1850"]
[BlackElo "1707"]
[Annotator "NA RC"]
[PlyCount "69"]
[EventDate "2024.03.13"]
[EventType "swiss"]
[EventCountry "ESP"]
[SourceTitle "playchess.com"]
[Source "ChessBase"]
[SourceQuality "1"]
[TimeControl "5400+30"]

1. e4 c6 2. d4 d5 3. exd5 cxd5 4. Bd3 Nc6 5. c3 Qc7 6. Ne2 Bg4 7. f3 Bd7 8. Qb3 Nf6 9. Bf4 Qc8 (9... e5 $15 10. Bg5 Be7) 10. Na3 a6 $11 11. Qd1 Bf5 12. O-O Bxd3 13. Qxd3 e6 14. Nc2 Be7 15. Ne3 Qd7 16. Be5 O-O 17. Ng3 Ne8 18. Ng4 f6 19. Bf4 Nd6 20. Rfe1 Rfe8 21. Qe2 Bf8 22. Nh5 Kf7 23. Qd3 f5 24. Ne5+ Nxe5 25. Bxe5 Qe7 26. Nf4 Nc4 27. b3 Nxe5 28. Rxe5 Qg5 29. Nxe6 Qh6 30. Qxf5+ Kg8 31. Nxf8 Rxe5 32. Qxe5 Rxf8 33. Re1 Qd2 34. Qxd5+ Kh8 35. Qe4 1-0

[Event "Catalan Youth Championship 2024"]
[Site "Cambrils"]
[Date "2024.03.27"]
[Round "8.8"]
[White "Faixedas Climent, Pol"]
[Black "Torres Herrera, Guillem"]
[Result "1/2-1/2"]
[ECO "C01"]
[WhiteElo "1703"]
[BlackElo "1780"]
[Annotator "NA RC"]
[PlyCount "39"]
[EventDate "2024.03.13"]
[EventType "swiss"]
[EventCountry "ESP"]
[SourceTitle "playchess.com"]
[Source "ChessBase"]
[SourceQuality "1"]
[TimeControl "5400+30"]

1. e4 e6 2. d4 d5 3. exd5 exd5 4. Bd3 Bd6 5. Nf3 Nf6 6. h3 h6 7. O-O O-O 8. Re1 c5 9. c3 Nc6 10. Nbd2 Qc7 11. dxc5 Bxc5 12. Nb3 Bd6 13. Nbd4 a6 14. Qc2 Nxd4 15. Nxd4 Be5 16. Nf3 Bd6 17. Be3 Bd7 18. Bd4 Qd8 19. Rad1 Be6 20. a3 1/2-1/2

[Event "Catalan Youth Championship 2024"]
[Site "Cambrils"]
[Date "2024.03.27"]
[Round "8.9"]
[White "Prada Villagrasa, Pau Manel"]
[Black "Herman Gamazo, Isaac"]
[Result "1-0"]
[ECO "B28"]
[WhiteElo "2103"]
[BlackElo "2096"]
[Annotator "NA RC"]
[PlyCount "67"]
[EventDate "2024.03.13"]
[EventType "swiss"]
[EventCountry "ESP"]
[SourceTitle "playchess.com"]
[Source "ChessBase"]
[SourceQuality "1"]
[TimeControl "5400+30"]

1. e4 c5 2. Nf3 a6 3. d4 cxd4 4. Nxd4 Nf6 5. Nc3 e5 6. Nb3 Bb4 7. Bg5 d6 8. Qd3 Qe7 9. O-O-O Bxc3 10. Qxc3 O-O 11. f3 Be6 (11... Nc6 $14) 12. Qb4 Rd8 $1 13. Na5 Nc6 $2 (13... b5 $14) 14. Qxb7 Qxb7 15. Nxb7 Rdb8 $18 16. Rxd6 Nb4 17. Nc5 Ne8 18. Rxe6 fxe6 19. Bc4 h6 20. Bxe6+ Kh8 21. Bd2 Nc7 22. Bc4 Nc6 23. Bc3 Rd8 24. Nd3 Re8 25. Bf7 Re7 26. Bd5 Nxd5 27. exd5 Nd4 28. Re1 Rd7 29. Rxe5 Nb5 30. Nc5 Rd6 31. Ne4 Rd7 32. Ba5 Rc8 33. Kd2 Nd4 34. Bc3 1-0

[Event "Catalan Youth Championship 2024"]
[Site "Cambrils"]
[Date "2024.03.27"]
[Round "8.10"]
[White "Villa Tornero, Alex"]
[Black "Escoriza Pons, Xavier"]
[Result "1-0"]
[ECO "A06"]
[WhiteElo "2329"]
[BlackElo "1941"]
[Annotator "RC"]
[PlyCount "83"]
[EventDate "2024.03.13"]
[EventType "swiss"]
[EventCountry "ESP"]
[SourceTitle "playchess.com"]
[Source "ChessBase"]
[SourceQuality "1"]
[TimeControl "5400+30"]

1. Nf3 d5 2. e3 Nf6 3. b3 e6 4. Bb2 Be7 5. Be2 O-O 6. O-O c5 7. d4 Nc6 8. a3 b6 9. dxc5 bxc5 10. c4 Bb7 11. cxd5 exd5 12. Nc3 Qd7 13. Rc1 Rfd8 14. Na4 d4 15. Qd3 Qd5 16. Qb5 Ne5 17. exd4 Bc6 18. Qa5 cxd4 19. Qxd5 Rxd5 20. Nxd4 Bxa4 21. bxa4 Bxa3 22. Bxa3 Rxd4 23. Bb5 h6 24. Bb2 Rd5 25. Rfd1 Rxd1+ 26. Rxd1 Ng6 27. g3 Rb8 28. Bxf6 gxf6 29. Rd7 Ra8 30. f4 Nf8 31. Rb7 Ne6 32. a5 Kg7 33. a6 Kg6 34. Bc4 Nd8 35. Rd7 Rc8 36. Bd3+ Kg7 37. Rxa7 Rc1+ 38. Kg2 Ra1 39. Rd7 Ne6 40. Bc4 Kf8 41. a7 Nc5 42. Rd8+ 1-0

[Event "Catalan Youth Championship 2024"]
[Site "Cambrils"]
[Date "2024.03.27"]
[Round "8.11"]
[White "Dea Ruiz, Jofre"]
[Black "Marin Ripoll, Marti"]
[Result "1/2-1/2"]
[ECO "E90"]
[WhiteElo "1836"]
[BlackElo "1884"]
[Annotator "NA RC"]
[PlyCount "61"]
[EventDate "2024.03.13"]
[EventType "swiss"]
[EventCountry "ESP"]
[SourceTitle "playchess.com"]
[Source "ChessBase"]
[SourceQuality "1"]
[TimeControl "5400+30"]

1. d4 Nf6 2. c4 g6 3. Nc3 Bg7 4. e4 d6 5. h3 O-O 6. Be3 c5 7. d5 e6 8. Nf3 exd5 9. exd5 Re8 10. Bd3 Rxe3+ 11. fxe3 Qe7 12. Qe2 $16 Nh5 13. Rg1 Nd7 14. g4 Nhf6 15. O-O-O Ne5 16. Nxe5 Qxe5 17. e4 Bd7 18. Rdf1 a6 19. Qf2 Be8 20. Qg3 Nd7 21. Qxe5 Nxe5 22. Kc2 Kf8 23. a3 a5 24. Be2 Ra6 25. h4 h6 26. g5 h5 27. Nb5 Bxb5 28. cxb5 Ra8 29. a4 b6 30. Rf4 Ke7 31. Rgf1 1/2-1/2

[Event "Catalan Youth Championship 2024"]
[Site "Cambrils"]
[Date "2024.03.27"]
[Round "8.12"]
[White "Valle Luis, Liam"]
[Black "Uber Gracia, Hugo"]
[Result "1/2-1/2"]
[ECO "B13"]
[WhiteElo "1852"]
[BlackElo "2237"]
[Annotator "RC"]
[PlyCount "197"]
[EventDate "2024.03.13"]
[EventType "swiss"]
[EventCountry "ESP"]
[SourceTitle "playchess.com"]
[Source "ChessBase"]
[SourceQuality "1"]
[TimeControl "5400+30"]

1. e4 c6 2. d4 d5 3. exd5 cxd5 4. Bd3 Nf6 5. c3 Bg4 6. Qb3 Qc7 7. h3 Bh5 8. Ne2 Bxe2 9. Bxe2 e6 10. Nd2 Bd6 11. Nf3 Nc6 12. Be3 a6 13. Bd3 b5 14. O-O O-O 15. Rfe1 Rfc8 16. a3 h6 17. Rac1 Na5 18. Qc2 Nc4 19. Bxc4 bxc4 20. Rcd1 Rcb8 21. Bc1 Rb7 22. Qe2 Nd7 23. Qe3 Rab8 24. Re2 Nb6 25. g3 Nd7 26. Kg2 Rb5 27. Ne5 Bxe5 28. dxe5 Nc5 29. Rd4 h5 30. Rh4 Nd3 31. Rxh5 Qb6 32. b4 d4 33. cxd4 Nxc1 34. Qxc1 Qxd4 35. Rh4 Qd3 36. Qc2 Qxc2 37. Rxc2 Rxe5 38. Rhxc4 Reb5 39. Rc8+ Kh7 40. Rxb8 Rxb8 41. Rc7 a5 42. bxa5 Kg6 43. Rc4 Ra8 44. Ra4 Kf6 45. a6 Ke5 46. a7 Kd6 47. Kf3 Kc5 48. Kf4 Kb5 49. Rb4+ Kc6 50. Rc4+ Kb6 51. Ke5 Rxa7 52. a4 Rd7 53. Rd4 f6+ 54. Ke4 Re7 55. Rc4 Rd7 56. f4 Ka5 57. g4 Rb7 58. Rd4 Re7 59. h4 Rc7 60. g5 Re7 61. f5 e5 62. Rd6 fxg5 63. hxg5 Kxa4 64. Re6 Rb7 65. Kxe5 Rb5+ 66. Kf4 Rb7 67. g6 Kb5 68. Rd6 Kc5 69. Rd3 Kc6 70. Kg5 Rb1 71. Rd4 Rg1+ 72. Rg4 Rf1 73. Re4 Kd6 74. Re6+ Kd7 75. Ra6 Rg1+ 76. Kh4 Ke7 77. Re6+ Kd7 78. Re4 Rf1 79. Kg4 Kd6 80. Re6+ Kd7 81. Re3 Kd6 82. Rf3 Rg1+ 83. Kf4 Ke7 84. Re3+ Kd6 85. Re6+ Kd7 86. Re4 Kd6 87. Rd4+ Ke7 88. Ke5 Re1+ 89. Re4 Rf1 90. Re3 Rf2 91. Re4 Rf1 92. Ra4 Re1+ 93. Kf4 Rf1+ 94. Kg5 Rg1+ 95. Rg4 Rf1 96. Re4+ Kd7 97. Re5 Rg1+ 98. Kf4 Rf1+ 99. Kg5 1/2-1/2

[Event "Catalan Youth Championship 2024"]
[Site "Cambrils"]
[Date "2024.03.27"]
[Round "8.13"]
[White "Montes Molina, Ivan"]
[Black "Anguera Staina, Maxim"]
[Result "1/2-1/2"]
[ECO "C41"]
[WhiteElo "2100"]
[BlackElo "2020"]
[Annotator "RC"]
[PlyCount "99"]
[EventDate "2024.03.13"]
[EventType "swiss"]
[EventCountry "ESP"]
[SourceTitle "playchess.com"]
[Source "ChessBase"]
[SourceQuality "1"]
[TimeControl "5400+30"]

1. e4 d6 2. d4 Nf6 3. Nc3 e5 4. Nf3 Nbd7 5. Rg1 exd4 6. Nxd4 Ne5 7. f4 Nc6 8. Be2 Qe7 9. Qd3 Bd7 10. a3 Nxd4 11. Qxd4 c5 12. Qd3 Bc6 13. Nd5 Bxd5 14. exd5 O-O-O 15. g3 Kb8 16. Bd2 Re8 17. Rg2 Qe4 18. Qxe4 Nxe4 19. O-O-O Nxd2 20. Kxd2 g6 21. Bb5 Re7 22. Re1 Rxe1 23. Kxe1 Bg7 24. c4 a6 25. Ba4 Ka7 26. Re2 Rb8 27. Bd7 b5 28. cxb5 axb5 29. Kd1 Kb6 30. Kc2 Bd4 31. h3 Ka5 32. b3 c4 33. Bc6 b4 34. a4 f5 35. Bb5 c3 36. Kd3 Bc5 37. Re7 h6 38. h4 g5 39. Rg7 gxh4 40. gxh4 Bf2 41. h5 Kb6 42. Rg6 Rd8 43. Rxh6 Bg3 44. Rg6 Bxf4 45. Kc2 Rh8 46. Be2 Re8 47. Re6 Rg8 48. Rg6 Re8 49. Re6 Rg8 50. Rg6 1/2-1/2

[Event "Catalan Youth Championship 2024"]
[Site "Cambrils"]
[Date "2024.03.27"]
[Round "8.14"]
[White "Salinas Tomas, Daniel"]
[Black "Lozano Casasayas, Marc"]
[Result "1-0"]
[ECO "E05"]
[WhiteElo "2386"]
[BlackElo "2015"]
[Annotator "RC"]
[PlyCount "145"]
[EventDate "2024.03.13"]
[EventType "swiss"]
[EventCountry "ESP"]
[SourceTitle "playchess.com"]
[Source "ChessBase"]
[SourceQuality "1"]
[TimeControl "5400+30"]

1. Nf3 d5 2. g3 Nf6 3. Bg2 e6 4. O-O Be7 5. d4 O-O 6. c4 dxc4 7. Qc2 a6 8. Rd1 b5 9. Ne5 Nd5 10. b3 cxb3 11. axb3 Bb7 12. Ba3 Bxa3 13. Nxa3 Nd7 14. Nd3 Qe7 15. e4 N5f6 16. Re1 Rfc8 17. b4 e5 18. dxe5 Ng4 19. f4 c5 20. bxc5 Nxc5 21. Nxc5 Rxc5 22. Qe2 Rc3 23. Qxg4 Rxa3 24. Rxa3 Qxa3 25. h4 Qc5+ 26. Kh2 Qe7 27. Rd1 Rd8 28. Rxd8+ Qxd8 29. e6 f6 30. Qe2 Qe7 31. f5 h6 32. Qd3 b4 33. Qd4 Kf8 34. Qb6 Bc8 35. Qb8 Qb7 36. Qd6+ Qe7 37. Qb6 h5 38. e5 fxe5 39. Qb8 Qc5 40. Bb7 Qf2+ 41. Bg2 Qc5 42. Kh3 Ke7 43. Bb7 e4 44. Bxe4 g6 45. fxg6 Bxe6+ 46. Kg2 Qd4 47. Qc7+ Bd7 48. Qf4 Qb2+ 49. Kg1 Qd4+ 50. Kh2 Qf6 51. Qe3 Qe5 52. g7 Qxg7 53. Qc5+ Kd8 54. Qb6+ Ke8 55. Bg6+ Ke7 56. Qxb4+ Kd8 57. Qb6+ Ke7 58. Bxh5 Qe5 59. Qb4+ Kd8 60. Bf3 Qf5 61. Qb8+ Ke7 62. Qb4+ Kd8 63. Qb6+ Ke7 64. Qe3+ Kf8 65. g4 Qc2+ 66. Kh3 Qg6 67. Qc5+ Kg8 68. Bd5+ Kh7 69. Qe7+ Qg7 70. Be4+ Kh8 71. Qd8+ Qg8 72. Qxd7 Qb3+ 73. Qd3 1-0

[Event "Catalan Youth Championship 2024"]
[Site "Cambrils"]
[Date "2024.03.27"]
[Round "8.15"]
[White "Benseny Martinez, Guerau"]
[Black "Sviridenko, Yaroslav"]
[Result "1/2-1/2"]
[ECO "C08"]
[WhiteElo "1986"]
[BlackElo "1961"]
[Annotator "NA RC"]
[PlyCount "132"]
[EventDate "2024.03.13"]
[EventType "swiss"]
[EventCountry "ESP"]
[SourceTitle "playchess.com"]
[Source "ChessBase"]
[SourceQuality "1"]
[TimeControl "5400+30"]

1. e4 e6 2. d4 d5 3. Nd2 c5 4. Ngf3 Nf6 5. exd5 exd5 6. Bb5+ Bd7 7. Bxd7+ Nbxd7 8. O-O Be7 $11 9. dxc5 Nxc5 10. Nb3 O-O 11. Be3 Rc8 12. Nxc5 Bxc5 13. Bxc5 Rxc5 14. Nd4 Qb6 15. Nb3 Rc4 16. c3 Re8 17. Rb1 Qa6 18. Ra1 Rh4 19. Nd4 h6 20. Re1 Rhe4 21. Rxe4 dxe4 22. Qe2 Qxe2 23. Nxe2 Nd7 24. Rd1 Nc5 25. Rd4 Re7 26. Ng3 e3 27. fxe3 Rxe3 28. Kf2 Rd3 29. Ke2 Rxd4 30. cxd4 Na4 31. b4 g6 32. Kd3 Kf8 33. Ne4 b5 34. Nd6 a6 35. Ne4 Nb2+ 36. Kc3 Nc4 37. Nc5 Ne3 38. Nxa6 Nxg2 39. Nc7 f5 40. Kd3 Ne1+ 41. Ke2 Nc2 42. Nxb5 Nxb4 43. a4 Ke7 44. Kd2 f4 45. Ke2 g5 46. Kf3 Nc6 47. Ke4 Na5 48. d5 Nb3 49. Kf3 Kf6 50. d6 Ke6 51. Kf2 g4 52. Ke2 h5 53. Kf2 h4 54. Kg2 h3+ 55. Kf2 Nc5 56. a5 g3+ 57. hxg3 Ne4+ 58. Kg1 fxg3 59. Nd4+ Kd7 60. Ne2 Kxd6 61. Nxg3 Nxg3 62. Kh2 Ne4 63. Kxh3 Kc6 64. Kg2 Kb5 65. Kf3 Nc5 66. Kf2 Kxa5 1/2-1/2

[Event "Catalan Youth Championship 2024"]
[Site "Cambrils"]
[Date "2024.03.27"]
[Round "8.16"]
[White "Aleksanyan Israilyan, Nicolas"]
[Black "Fernandez Climent, Albert"]
[Result "1-0"]
[ECO "C11"]
[WhiteElo "2045"]
[BlackElo "1978"]
[Annotator "NA RC"]
[PlyCount "71"]
[EventDate "2024.03.13"]
[EventType "swiss"]
[EventCountry "ESP"]
[SourceTitle "playchess.com"]
[Source "ChessBase"]
[SourceQuality "1"]
[TimeControl "5400+30"]

1. e4 e6 2. d4 d5 3. Nc3 Nf6 4. e5 Nfd7 5. f4 c5 6. Nf3 Nc6 7. Be3 h6 8. Ne2 Qb6 9. Rb1 Be7 10. c3 cxd4 11. cxd4 O-O 12. Nc3 f6 13. Qd2 $14 Qd8 14. Be2 Nb6 15. O-O f5 16. h3 Na5 17. Bd3 Nbc4 18. Qe2 Bd7 19. Kh2 Kh8 20. Bc1 Rc8 21. Rg1 b5 22. g4 b4 23. Nd1 Qb6 24. gxf5 exf5 25. b3 Na3 26. Bxa3 bxa3 27. Ne3 Qc6 28. Qg2 Rf7 29. e6 Qxe6 30. Ne5 Bf6 31. Bxf5 Qe8 32. Qg6 Bxf5 33. Nxf7+ Kg8 34. Qxf6 Qxf7 35. Qxf7+ Kxf7 36. Nxf5 1-0

[Event "Catalan Youth Championship 2024"]
[Site "Cambrils"]
[Date "2024.03.27"]
[Round "8.17"]
[White "Sanchez Aguilar, Arnau"]
[Black "Valle Luis, Leo"]
[Result "1/2-1/2"]
[ECO "B56"]
[WhiteElo "2168"]
[BlackElo "2230"]
[Annotator "RC"]
[PlyCount "65"]
[EventDate "2024.03.13"]
[EventType "swiss"]
[EventCountry "ESP"]
[SourceTitle "playchess.com"]
[Source "ChessBase"]
[SourceQuality "1"]
[TimeControl "5400+30"]

1. e4 c5 2. Nf3 d6 3. Nc3 Nc6 4. d4 cxd4 5. Nxd4 Nf6 6. Nd5 Nxd5 7. exd5 Qa5+ 8. Bd2 Qxd5 9. Nb5 Qe6+ 10. Be2 Qd7 11. c4 a6 12. Nc3 e6 13. O-O Be7 14. Be3 O-O 15. Qd2 Qc7 16. Rfd1 Qa5 17. Bf3 Rd8 18. Bf4 h6 19. Bxc6 bxc6 20. Nd5 Qxd2 21. Nxe7+ Kf8 22. Ng6+ fxg6 23. Rxd2 d5 24. c5 a5 25. Re1 Kf7 26. h4 Re8 27. Be5 Ba6 28. Re3 Ra7 29. Rd4 Kg8 30. Rg3 Kh7 31. Rdg4 Be2 32. Rxg6 Ree7 33. Bd6 1/2-1/2

[Event "Catalan Youth Championship 2024"]
[Site "Cambrils"]
[Date "2024.03.27"]
[Round "8.18"]
[White "Funes Ostos, Aitor"]
[Black "Serrahima Susany, Ramon"]
[Result "1-0"]
[ECO "D32"]
[WhiteElo "2125"]
[BlackElo "2029"]
[Annotator "NA RC"]
[PlyCount "77"]
[EventDate "2024.03.13"]
[EventType "swiss"]
[EventCountry "ESP"]
[SourceTitle "playchess.com"]
[Source "ChessBase"]
[SourceQuality "1"]
[TimeControl "5400+30"]

1. c4 e6 2. Nc3 d5 3. e3 c5 4. cxd5 exd5 5. Nf3 Nf6 6. d4 Nc6 7. Bb5 cxd4 8. Nxd4 Bd7 9. O-O Bd6 10. Nf3 Bg4 11. b3 O-O 12. Bb2 Rc8 13. Ne2 Bxf3 14. gxf3 Be5 15. Bxe5 Nxe5 16. Nd4 a6 17. Be2 $11 Qd7 18. Kh1 Nc6 19. Rg1 Nxd4 20. Qxd4 Qe6 21. Bd3 Rc6 22. Rg5 Qh3 23. Rg3 Qe6 24. Bxh7+ Kxh7 25. Qh4+ Kg8 26. Rxg7+ Kxg7 27. Rg1+ Ng4 28. Rxg4+ Qxg4 29. fxg4 Rg6 30. Qg3 Re8 31. h4 Re4 32. g5 f6 33. Qc7+ Kg8 34. f4 Rxe3 35. f5 Rg7 36. Qd8+ Kh7 37. g6+ Rxg6 38. fxg6+ Kxg6 39. Qg8+ 1-0

[Event "Catalan Youth Championship 2024"]
[Site "Cambrils"]
[Date "2024.03.27"]
[Round "8.19"]
[White "Chiva Perez, Ferran"]
[Black "Ano Pla, Gerard"]
[Result "0-1"]
[ECO "E04"]
[WhiteElo "2025"]
[BlackElo "2230"]
[Annotator "RC"]
[PlyCount "80"]
[EventDate "2024.03.13"]
[EventType "swiss"]
[EventCountry "ESP"]
[SourceTitle "playchess.com"]
[Source "ChessBase"]
[SourceQuality "1"]
[TimeControl "5400+30"]

1. d4 d5 2. c4 e6 3. Nf3 Nf6 4. g3 Bb4+ 5. Nbd2 dxc4 6. Bg2 O-O 7. Qc2 b5 8. a4 bxa4 9. O-O Bb7 10. Nxc4 Nbd7 11. Rd1 Nb6 12. Nfe5 Bxg2 13. Kxg2 Qd5+ 14. f3 h6 15. Bd2 Bxd2 16. Rxd2 Qb5 17. Na3 Qa6 18. Nc6 Nfd5 19. Qc5 Ne3+ 20. Kf2 Nec4 21. Rc2 Nxa3 22. Rxa3 Nd5 23. Rc4 Qb6 24. Rcxa4 Qxb2 25. Rxa7 Rxa7 26. Rxa7 g6 27. Qa3 Qb1 28. e4 Qc2+ 29. Kg1 Qxc6 30. exd5 Qxd5 31. Qb2 Qxf3 32. Rxc7 Rd8 33. Rc4 Qd5 34. Qc3 Kg7 35. Ra4 h5 36. Rb4 Rd6 37. h4 Kh7 38. Qc7 Rd7 39. Qe5 Qd6 40. Rb5 Qxd4+ 0-1

[Event "Catalan Youth Championship 2024"]
[Site "Cambrils"]
[Date "2024.03.27"]
[Round "8.20"]
[White "Vinuesa Sorli, Ruben"]
[Black "Garcia Caro, Juan Alber"]
[Result "1-0"]
[ECO "B90"]
[WhiteElo "1996"]
[BlackElo "2128"]
[Annotator "RC"]
[PlyCount "167"]
[EventDate "2024.03.13"]
[EventType "swiss"]
[EventCountry "ESP"]
[SourceTitle "playchess.com"]
[Source "ChessBase"]
[SourceQuality "1"]
[TimeControl "5400+30"]

1. e4 c5 2. Nf3 d6 3. d4 cxd4 4. Nxd4 Nf6 5. Nc3 a6 6. f3 e5 7. Nb3 Be6 8. Be3 Nbd7 9. Qd2 b5 10. g4 b4 11. Nd5 Bxd5 12. exd5 Nb6 13. O-O-O Nfxd5 14. Bxb6 Nxb6 15. Qxb4 Be7 16. Qe4 O-O 17. Bd3 g6 18. h4 Bxh4 19. Kb1 Bg5 20. Bc4 Qc7 21. Bd5 Nxd5 22. Rxd5 a5 23. Nd2 Rab8 24. Qd3 Qb6 25. b3 Qe3 26. Qxe3 Bxe3 27. Nc4 Bf4 28. Rxa5 e4 29. fxe4 Rfe8 30. Re1 Rec8 31. Ra4 Rb5 32. Nb2 Rg5 33. Nd3 Bd2 34. Rd1 Bc3 35. Nf2 Be5 36. b4 Bg3 37. Rf1 Rc7 38. Ra8+ Kg7 39. a4 Re5 40. Kb2 d5 41. Nd3 Rxe4 42. c3 d4 43. Rc1 Re3 44. Nc5 dxc3+ 45. Kb3 Bd6 46. Ra5 Be5 47. Rb5 c2+ 48. Kxc2 Ra3 49. a5 h5 50. gxh5 gxh5 51. Re1 Bg3 52. Rg1 h4 53. Kb2 Re3 54. a6 Re8 55. Ra5 Ra8 56. Ne4 Rc4 57. Nxg3 Rxb4+ 58. Kc3 Rb6 59. Ne4+ Kh6 60. Nc5 f5 61. Ra4 Kh5 62. Rf4 Rf6 63. Rh1 Kg5 64. Rfxh4 Rfxa6 65. Nxa6 Rxa6 66. Rb4 f4 67. Rg1+ Kf5 68. Rf1 Ra3+ 69. Kb2 Rg3 70. Rfxf4+ Ke5 71. Rh4 Rg2+ 72. Ka3 Rg3+ 73. Rb3 Rg1 74. Rb5+ Kd6 75. Rh6+ Kc7 76. Rf5 Rg7 77. Kb4 Kb7 78. Rfh5 Rg4+ 79. Kc5 Rg1 80. Rh7+ Kc8 81. Rf5 Rg8 82. Rf6 Kb8 83. Kc6 Ka8 84. Rhf7 1-0

[Event "Catalan Youth Championship 2024"]
[Site "Cambrils"]
[Date "2024.03.27"]
[Round "8.21"]
[White "Olcina Monells, Jordi"]
[Black "Serrano Batova, Vicent"]
[Result "1/2-1/2"]
[ECO "A40"]
[WhiteElo "1929"]
[BlackElo "2104"]
[Annotator "NA RC"]
[PlyCount "62"]
[EventDate "2024.03.13"]
[EventType "swiss"]
[EventCountry "ESP"]
[SourceTitle "playchess.com"]
[Source "ChessBase"]
[SourceQuality "1"]
[TimeControl "5400+30"]

1. e4 c5 2. Nf3 g6 3. d4 cxd4 4. Nxd4 Bg7 5. c4 Qb6 6. Nb5 a6 7. Be3 Qa5+ 8. N5c3 d6 9. Qd2 Be6 10. Nd5 Qxd2+ 11. Nxd2 Bxd5 12. cxd5 Nd7 $14 13. O-O-O Nc5 14. Bxc5 Rc8 15. Kb1 Rxc5 16. Nb3 Rc7 17. Bd3 h5 18. Rc1 Kd8 19. Rxc7 Kxc7 20. Rc1+ Kb8 21. h4 Nf6 22. f4 Nd7 23. g3 Rg8 24. Rf1 Kc7 25. Rc1+ Kb8 26. Rf1 Bf6 27. Rd1 Kc7 28. Rc1+ Kb8 29. Rd1 Rc8 30. Bf1 Nb6 31. Re1 Rc7 1/2-1/2

[Event "Catalan Youth Championship 2024"]
[Site "Cambrils"]
[Date "2024.03.27"]
[Round "8.22"]
[White "Navajas Alvarez, Josep"]
[Black "Martin Barcelo, Carles"]
[Result "0-1"]
[ECO "E62"]
[WhiteElo "1989"]
[BlackElo "2234"]
[Annotator "RC"]
[PlyCount "74"]
[EventDate "2024.03.13"]
[EventType "swiss"]
[EventCountry "ESP"]
[SourceTitle "playchess.com"]
[Source "ChessBase"]
[SourceQuality "1"]
[TimeControl "5400+30"]

1. d4 Nf6 2. c4 d6 3. Nf3 g6 4. g3 Bg7 5. Bg2 O-O 6. O-O c6 7. Nc3 Bf5 8. Re1 Ne4 9. Qb3 Nxc3 10. bxc3 Bc8 11. e4 Nd7 12. Ba3 c5 13. Rad1 Qc7 14. h3 Rb8 15. Re2 b5 16. cxb5 a6 17. b6 Nxb6 18. e5 Bd7 19. Rde1 Na4 20. Qc2 Qa5 21. exd6 exd6 22. Rc1 Bf5 23. Qd2 Nb6 24. g4 Nc4 25. Qf4 Bd3 26. Re7 Qd8 27. Rce1 Nxa3 28. dxc5 dxc5 29. Ng5 Rb1 30. Rxb1 Qxe7 31. Rd1 c4 32. Bd5 Qf6 33. Qe3 Nb5 34. Nxf7 Rxf7 35. Qe8+ Bf8 36. Re1 Nxc3 37. Re6 Qxf2+ 0-1

[Event "Catalan Youth Championship 2024"]
[Site "Cambrils"]
[Date "2024.03.27"]
[Round "8.23"]
[White "Gomez Navais, Marcal"]
[Black "Tortajada Marti, Pol"]
[Result "1-0"]
[ECO "C45"]
[WhiteElo "2086"]
[BlackElo "1766"]
[Annotator "NA RC"]
[PlyCount "67"]
[EventDate "2024.03.13"]
[EventType "swiss"]
[EventCountry "ESP"]
[SourceTitle "playchess.com"]
[Source "ChessBase"]
[SourceQuality "1"]
[TimeControl "5400+30"]

1. e4 e5 2. Nf3 Nc6 3. d4 exd4 4. Nxd4 Nf6 5. Nxc6 bxc6 6. e5 Qe7 7. Qe2 Nd5 8. h4 d6 9. c4 Ba6 10. exd6 cxd6 11. Qxe7+ Nxe7 12. b3 h5 13. Bb2 Ng6 $16 (13... O-O-O $11 {feels stronger.}) 14. g3 Ne5 15. Nd2 Be7 16. O-O-O O-O 17. Ne4 Rfd8 18. Bg2 Ng4 19. Rd2 Rac8 20. Bd4 d5 21. Bc5 dxe4 22. Bxe7 Rxd2 23. Kxd2 Nxf2 24. Rf1 Ng4 25. Bc5 e3+ 26. Ke2 Rd8 27. Rd1 Re8 28. Rd3 Bc8 29. Bxc6 Re6 30. Rd8+ Kh7 31. Rxc8 Rf6 32. Bd4 Rf2+ 33. Ke1 Rxa2 34. Be4+ 1-0

[Event "Catalan Youth Championship 2024"]
[Site "Cambrils"]
[Date "2024.03.27"]
[Round "8.24"]
[White "Rocamora Martorell, Ferran"]
[Black "Vara Soler, Luis"]
[Result "1-0"]
[ECO "E67"]
[WhiteElo "2118"]
[BlackElo "1889"]
[Annotator "NA RC"]
[PlyCount "93"]
[EventDate "2024.03.13"]
[EventType "swiss"]
[EventCountry "ESP"]
[SourceTitle "playchess.com"]
[Source "ChessBase"]
[SourceQuality "1"]
[TimeControl "5400+30"]

1. Nf3 Nf6 2. c4 g6 3. d4 Bg7 4. g3 O-O 5. Bg2 d6 6. O-O Nbd7 7. Nc3 e5 8. dxe5 dxe5 9. Qb3 c6 10. Rd1 Qc7 11. h3 (11. Qa3 $142) 11... Nc5 12. Qa3 Ne6 $11 13. Be3 Bd7 14. Rac1 Rfd8 15. b4 Ne8 16. Qb3 Nd4 17. Nxd4 exd4 18. Bxd4 Bxh3 19. Bxg7 Bxg2 20. Bd4 Bh3 21. Ne4 Qe7 22. Qe3 Qe6 23. Ba1 Rxd1+ 24. Rxd1 f6 25. Qd4 Bf5 26. Nxf6+ Nxf6 27. Qxf6 Qxf6 28. Bxf6 Kf7 29. Be5 Re8 30. f4 Re7 31. Rd8 Re8 32. Rd4 Re7 33. c5 Rd7 34. Bd6 a6 35. Kf2 h5 36. a3 Rd8 37. e4 Bg4 38. Ke3 Rd7 39. Rd2 Ke6 40. Rd4 Rd8 41. Kd3 Rd7 42. Kc2 Rd8 43. Kb3 b5 44. cxb6 Rd7 45. Bc7 Rxd4 46. b7 Rd3+ 47. Kc2 1-0

[Event "Catalan Youth Championship 2024"]
[Site "Cambrils"]
[Date "2024.03.28"]
[Round "9.1"]
[White "Saltos Macias, Gael"]
[Black "Caballero Mogilnikov, Liam"]
[Result "0-1"]
[ECO "B98"]
[WhiteElo "1630"]
[BlackElo "1659"]
[Annotator "NA RC"]
[PlyCount "54"]
[EventDate "2024.03.13"]
[EventType "swiss"]
[EventCountry "ESP"]
[SourceTitle "playchess.com"]
[Source "ChessBase"]
[SourceQuality "1"]
[TimeControl "5400+30"]

1. e4 c5 2. Nf3 d6 3. d4 cxd4 4. Nxd4 Nf6 5. Nc3 a6 6. Bg5 e6 7. f4 Be7 8. Qf3 Qc7 9. g4 Nbd7 10. Be2 Nc5 11. Bxf6 Bxf6 12. Nb3 Nxb3 13. axb3 Bh4+ 14. Kf1 Bf6 15. Qd3 d5 16. e5 Be7 17. Nb5 Qb6 18. c4 Bd7 19. Nd4 dxc4 20. Qxc4 Rc8 21. Qd3 O-O 22. Rg1 Bc5 23. Rd1 Bb5 24. Qe4 Rfd8 25. Bxb5 axb5 26. Rg3 Rxd4 27. Rxd4 Bxd4 0-1

[Event "Catalan Youth Championship 2024"]
[Site "Cambrils"]
[Date "2024.03.28"]
[Round "9.2"]
[White "Garcia Corpas, Nicolas"]
[Black "Perez Monakhov, Andres"]
[Result "1/2-1/2"]
[ECO "B06"]
[WhiteElo "1679"]
[BlackElo "1765"]
[Annotator "NA RC"]
[PlyCount "105"]
[EventDate "2024.03.13"]
[EventType "swiss"]
[EventCountry "ESP"]
[SourceTitle "playchess.com"]
[Source "ChessBase"]
[SourceQuality "1"]
[TimeControl "5400+30"]

1. e4 g6 2. d4 Bg7 3. Nc3 d6 4. Be3 a6 5. Qd2 b5 6. Bd3 Bb7 7. Nf3 Nd7 8. O-O Ngf6 9. a3 e5 10. dxe5 dxe5 11. b4 h5 12. Bg5 O-O 13. Rad1 Qe7 14. Qe3 Rfe8 15. h3 Rad8 16. Ne2 c5 17. c3 cxb4 18. cxb4 Rc8 19. Rc1 Red8 20. Rfd1 Qe6 21. Ng3 Qb3 22. Bb1 Qxe3 23. Bxe3 Rxc1 24. Rxc1 Ne8 25. Rd1 Bf6 26. Kf1 Kf8 27. Ke2 Ke7 28. h4 Rc8 29. Ng5 Bxg5 30. Bxg5+ f6 31. Be3 Nd6 32. f3 Nc4 33. Rd3 Nxe3 34. Kxe3 Nb6 35. Ba2 Rc2 36. Rd2 Rc3+ 37. Rd3 Rc1 38. Ne2 Rc2 39. Rd2 Rxd2 40. Kxd2 Bc8 41. Kd3 Be6 42. Nc3 Bxa2 43. Nxa2 Nc4 44. a4 Nb2+ 45. Ke3 Nxa4 46. g4 Nb2 47. Nc3 Nc4+ 48. Kf2 Nb6 49. Ke3 Kd6 50. gxh5 gxh5 51. f4 Ke6 52. f5+ Kd6 53. Kd3 1/2-1/2